 Dungeon Crawl Stone Soup version 0.17.0-24-gcfadda4 (webtiles) character file.

315 oplop the Insei (level 6, -10/41 HPs)
             Began as an Octopode Transmuter on Nov 15, 2015.
             Mangled by a gnoll
             ... wielding a +0 halberd
              (17 damage)
             ... on level 4 of the Dungeon.
             The game lasted 00:03:52 (3445 turns).

oplop the Insei (Octopode Transmuter)               Turns: 3445, Time: 00:03:52

Health: -10/41     AC:  1    Str: 11    XL:     6   Next: 44%
Magic:  10/10      EV: 12    Int: 15    God:
Gold:   208        SH:  0    Dex: 13    Spells: 3 memorised, 5 levels left

rFire  . . .     SeeInvis .       - Unarmed
rCold  . . .     Clarity  .     (no shield)
rNeg   . . .     SustAt   .     (helmet restricted)
rPois  .         Gourm    .     (no amulet)
rElec  .         Spirit   .     (no ring)
rCorr  .         Warding  .     (no ring)
rMut   .         Stasis   .     (no ring)
MR     .....                    (no ring)
Stlth  ++........               (no ring)
                                (no ring)
                                (no ring)
                                (no ring)

@: lethally poisoned (-10 -> -17), flying, not resistant to hostile
enchantments, unstealthy
A: almost no armour, amphibious, 8 rings, constrict 8, camouflage 1, gelatinous
body 1
a: no special abilities


You were on level 4 of the Dungeon.
You were not hungry.

You visited 1 branch of the dungeon, and saw 4 of its levels.

You collected 208 gold pieces.

Inventory:

Hand Weapons
 k - a +2 vampiric dagger
Missiles
 a - 23 arrows
Jewellery
 o - an uncursed amulet of rage {unknown}
Wands
 m - a wand of polymorph (10)
Scrolls
 d - a scroll of fog {unknown}
 g - a scroll of fear {unknown}
 i - 2 scrolls of identify {unknown}
 j - 2 scrolls of magic mapping {unknown}
 l - a scroll of enchant weapon {unknown}
 q - a scroll of teleportation {unknown}
Potions
 e - 2 potions of might
 f - a potion of flight
 n - 2 potions of curing {unknown}
 p - 2 potions of invisibility {unknown}
Books
 b - a book of Changes

   Spells                             Type                      Level
   a - Beastly Appendage              Transmutation                1
   b - Sticks to Snakes               Transmutation                2
   c - Spider Form                    Transmutation/Poison         3
   d - Ice Form                       Ice/Transmutation            4
   e - Blade Hands                    Transmutation                5
Comestibles
 c - 3 bread rations


   Skills:
 + Level 2.8 Fighting
 - Level 2.0 Dodging
 + Level 4.3 Unarmed Combat
 + Level 3.2 Spellcasting
 + Level 3.6 Transmutations
 + Level 2.0 Poison Magic


You had 5 spell levels left.
You knew the following spells:

 Your Spells              Type           Power        Failure   Level  Hunger
a - Beastly Appendage     Trmt           ##....       6%          1    #......
b - Sticks to Snakes      Trmt           ##........   10%         2    ##.....
c - Spider Form           Trmt/Pois      ##........   21%         3    ###....


Dungeon Overview and Level Annotations

Branches:
Dungeon (4/15)
 Temple: D:4-7

Altars:
Okawaru

Annotations:
D:2 Crazy Yiuf
D:3 Grinder


Innate Abilities, Weirdness & Mutations

You cannot wear most types of armour.
You are amphibious.
You can wear up to eight rings at the same time.
You can use your tentacles to constrict eight enemies at once.
Your skin changes colour to match your surroundings (Stealth).
Your rubbery body absorbs attacks (AC +1).


Message History

* * * LOW HITPOINT WARNING * * *
You feel sick.
* * * LOW HITPOINT WARNING * * *
You feel sick.
* * * LOW HITPOINT WARNING * * *
You feel sick.
* * * LOW HITPOINT WARNING * * *
You feel sick.
Drink which item? (? for menu, Esc to quit)
It was a potion of flight.
You feel very buoyant.
You fly up into the air.
* * * LOW HITPOINT WARNING * * *
You feel sick.
Drink which item? (? for menu, Esc to quit)
It was a potion of magic.
Magic courses through your body.
* * * LOW HITPOINT WARNING * * *
You feel sick.
The gnoll hits you from afar with a halberd!
You die...

############ #..........#
#.###.####.#####
#############.# #.# #......
#.............###.# #.#####
#.###......@......# #.# #.#
#.#######g##### #.# ### #.# #.#
##.## #.#
..####.###.######.#g#### #.#
#.##.....#.......###g..# #.#
#.##.....#.#.####.#....# #.#
#..........#.# ##.#g..####..#
#..#.....#.#.####.........#...
#..#.....)................(....


You could see a gnoll.

Vanquished Creatures
  Sigmund (D:3)
  A giant frog skeleton (D:4)
  Robin (D:2)
  A gnoll (D:4)
  2 adders (D:2)
  2 oozes
  A worm (D:4)
  2 giant geckos (D:2)
  An orc (D:4)
  7 bats
  4 giant cockroaches
  10 hobgoblins
  A giant newt (D:2)
  14 goblins
  10 jackals
  8 kobolds
  12 rats
78 creatures vanquished.

Notes
Turn   | Place    | Note
--------------------------------------------------------------
     0 | D:1      | oplop the Octopode Transmuter began the quest for the Orb.
     0 | D:1      | Reached XP level 1. HP: 13/13 MP: 3/3
    76 | D:1      | Reached XP level 2. HP: 6/18 MP: 3/5
   447 | D:1      | Reached XP level 3. HP: 23/23 MP: 6/6
   829 | D:2      | Noticed Robin
   843 | D:2      | Killed Robin
  1221 | D:2      | Reached XP level 4. HP: 10/29 MP: 5/7
  1679 | D:2      | Noticed Crazy Yiuf
  2601 | D:3      | Learned a level 2 spell: Sticks to Snakes
  2605 | D:3      | Learned a level 3 spell: Spider Form
  2676 | D:3      | Noticed Grinder
  2768 | D:3      | Noticed Sigmund
  2775 | D:3      | Killed Sigmund
  2775 | D:3      | Reached skill level 4 in Unarmed Combat
  2775 | D:3      | Reached skill level 1 in Poison Magic
  2775 | D:3      | Reached XP level 5. HP: 22/36 MP: 7/9
  2775 | D:3      | Reached XP level 6. HP: 25/41 MP: 7/10
  2880 | D:3      | Found an iron altar of Okawaru.
  3445 | D:4      | Mangled by a gnoll

Action                   |  1- 3 |  4- 6 || total
-------------------------+-------+-------++-------
Melee: Unarmed           |    71 |    93 ||   164
 Cast: Beastly Appendage |    12 |    16 ||    28
  Use: Potion            |       |     4 ||     4
 Stab: Sleeping          |     4 |     7 ||    11
       Distracted        |     1 |       ||     1
  Eat: Chunk             |     1 |     5 ||     6
       Meat ration       |       |     1 ||     1
